 Dungeon Crawl Stone Soup version 0.30.0-5-g1a98f26d00 (webtiles) character file.

Game seed: 441521234149635584

63 monsoonserge the Ruffian (level 4, 0/38 HPs)
             Began as a Naga Transmuter on May 9, 2023.
             Splashed by a jelly's acid (10 damage)
             ... on level 3 of the Dungeon.
             The game lasted 00:07:06 (1519 turns).

monsoonserge the Ruffian (Naga Transmuter)          Turns: 1519, Time: 00:07:09

Health: 0/38       AC: -5    Str: 13    XL:     4   Next: 10%
Magic:  6/7        EV: 10    Int: 15    God:
Gold:   77         SH:  0    Dex: 11    Spells: 6/7 levels left

rFire   . .          .
                       - Unarmed
rCold   . . .        (no shield)
rNeg    . . .        a - +0 robe
rPois   +            (no helmet)
rElec   .            (no cloak)
rCorr   .            (no gloves)
SInv    +            (no barding)
Will    .....        (no amulet)
Stlth   +            c - ring of see invisible
HPRegen 0.26/turn    (no ring)
MPRegen 0.10/turn

%: no passive effects
@: corroded, very slightly contaminated, very slow
A: AC +1, large, see invisible, deformed body, poison resistance, slowness 2,
spit poison 1, naga tail 1
a: Spit Poison


You were on level 3 of the Dungeon.
You visited 1 branch of the dungeon, and saw 3 of its levels.

You collected 77 gold pieces.

Inventory:

Missiles
 e - 4 boomerangs
 h - 10 poisoned darts (quivered)
Armour
 a - a +0 robe (worn)
 r - a scarf of harm
Jewellery
 c - a ring of see invisible (left hand)
Scrolls
 d - 3 scrolls of identify {unknown}
 g - a scroll of acquirement {unknown}
 i - a scroll of teleportation {unknown}
 j - a scroll of blinking {unknown}
 k - a scroll of vulnerability {unknown}
 n - 2 scrolls of fog {unknown}
 o - a scroll of poison {unknown}
 p - 2 scrolls of immolation {unknown}
 q - a scroll of enchant armour {unknown}
 t - a scroll of magic mapping {unknown}
Potions
 b - a potion of lignification
 f - a potion of haste {unknown}
 l - a potion of magic {unknown}
 m - 3 potions of curing {unknown}
 s - a potion of heal wounds {unknown}


   Skills:
 + Level 1.2 Fighting
 + Level 1.8 Dodging
 + Level 0.4 Stealth
 + Level 4.0 Unarmed Combat
 + Level 2.4 Spellcasting
 + Level 2.3 Transmutations


You had 6 spell levels left.
You knew the following spells:

 Your Spells              Type           Power      Damage    Failure   Level
a - Beastly Appendage     Tmut           16%        N/A       9%          1

Your spell library contained the following spells:

 Spells                   Type           Power      Damage    Failure   Level
 Wereblood                Tmut           8%         N/A       12%         2
 Spider Form              Tmut/Pois      5%         N/A       36%         3
 Ice Form                 Ice/Tmut       5%         N/A       78%         4


Dungeon Overview and Level Annotations

Branches:
Dungeon (3/15)

Altars:

Shops:
D:2 [


Innate Abilities, Weirdness & Mutations

Your serpentine skin is tough. (AC +1)
You have supernaturally acute eyesight. (SInv)
Armour fits poorly on your strangely shaped body.
Your system is resistant to poisons. (rPois)
You cover ground very slowly.
You can spit poison.
You have a snake-like lower body.


Message History

The helpless quokka fails to defend itself.
You hit the quokka.
The quokka is heavily wounded.
The quokka bites you.
You hit the quokka.
You kill the quokka!
You see here a quokka corpse.
HP restored.
m - 3 bubbling amethyst potions (gained 2)
A jelly comes into view.
The jelly quivers.
An adder comes into view.
You hit the jelly.
Your hands burn!
The jelly is moderately wounded.
You completely miss the jelly.
The jelly is moderately wounded.
The jelly closely misses you.
You hit the jelly.
Your hands burn!
The jelly is heavily wounded.
The adder hisses angrily.
The jelly closely misses you.
You hit the jelly. The acid corrodes you!
Your hands burn!
The jelly is heavily wounded.
The jelly misses you.
You hit the jelly.
Your hands burn!
The jelly is severely wounded.
The teleport trap disappears.
The adder disappears!
The jelly hits you.
You are splashed with acid.
Unknown command.
You barely miss the jelly.
The jelly is severely wounded.
The jelly hits you.
You are splashed with acid!
Casting: Beastly Appendage (safe; 9% risk of failure)
Confirm with . or Enter, or press ? or * to list all spells.
You miscast Beastly Appendage.
You are very lightly contaminated with residual magic.
Nothing appears to happen.
The jelly hits you.
* * * LOW HITPOINT WARNING * * *
The acid corrodes you!
You are splashed with acid!
You die...

...#.##....########
#......<..#
######....# #.#######
#######.# #...
####.......###.###
###.......##...S...#
.##.##.##.##.###.#.#
.......##.##.# #@#
###.#####.##.##.J§..#
#.# #.##.##..#..# #..
..##.##..#...# ####
####...... ....
####... ..... #.##
#### ..


You could see a jelly and an adder.

Vanquished Creatures
  3 adders (D:2)
  2 dart slugs
  2 bats (D:1)
  5 endoplasms
  2 giant cockroaches (D:2)
  A hobgoblin (D:1)
  5 kobolds
  4 quokkas
  3 ball pythons
  A frilled lizard (D:2)
  5 rats
33 creatures vanquished.

Notes
Turn   | Place    | Note
-------+----------+-------------------------------------------
     0 | D:1      | monsoonserge the Naga Transmuter began the quest for the
                  | Orb.
     0 | D:1      | Reached XP level 1. HP: 18/18 MP: 3/3
   115 | D:1      | Reached XP level 2. HP: 19/25 MP: 5/5
   670 | D:2      | Reached XP level 3. HP: 31/31 MP: 6/6
   912 | D:2      | Reached XP level 4. HP: 36/38 MP: 7/7
   959 | D:2      | Reached skill level 4 in Unarmed Combat
  1001 | D:2      | Found Buezet's Antique Armour Emporium.
  1519 | D:3      | Splashed by a jelly's acid

Illustrated notes

Levels and vault maps discovered:
D:1:      dpeg_arrival_pond, layout_rooms
D:2:      layout_basic, serial_corexii_hall, chequers_hall_statues_y,
          corexii_hall_statues_l, serial_shops, shop, minmay_indecisive_spiral
D:3:      minmay_chambers_of_threes, layout_loops_cross

Skill      XL: |  1  2  3  4 |
---------------+-------------+-----
Unarmed Combat | 4 |  4.0
Fighting       | |  1.2
Dodging        | |  1.8
Stealth        | |  0.4
Spellcasting   | |  2.4
Transmutations | |  2.3

Action                     |  1- 3 |  4- 6 || total
---------------------------+-------+-------++-------
  Melee: Unarmed           |    75 |    22 ||    97
         Punch             |     1 |       ||     1
  Throw: Boomerang         |     4 |       ||     4
   Cast: Beastly Appendage |     2 |     1 ||     3
Ability: Spit Poison       |    15 |     2 ||    17
   Stab: Sleeping          |       |     1 ||     1
 Armour: Robe              |    19 |     2 ||    21
  Dodge: Dodged            |    38 |     9 ||    47
